 Dungeon Crawl Stone Soup version 0.28-a0-1117-g0bdd5ba030 (webtiles) character file.

Game seed: 11507858230650848981

86 freelancePsychic the Skirmisher (level 4, 0/35 HPs)
             Began as a Djinni Warper on Dec 11, 2021.
             Slain by Sigmund (7 damage)
             ... on level 2 of the Dungeon.
             The game lasted 00:06:25 (4264 turns).

freelancePsychic the Skirmisher (Djinni Warper)     Turns: 4264, Time: 00:06:26

Health: 0/35       AC:  4    Str: 10    XL:     4   Next: 77%
Gold:   22         EV: 11    Int: 16    God:
                   SH:  0    Dex: 13

rFire   + + .      SeeInvis .   g - +0 dagger
rCold   x . .      Faith    .   (no shield)
rNeg    . . .      Spirit   .   a - +0 leather armour
rPois   ∞          Reflect  .   (no helmet)
rElec   .          Harm     .   c - +0 cloak
rCorr   .          Rampage  .   (no gloves)
Will    +....                   (boots unavailable)
Stlth   +.........              (no amulet)
HPRegen 0.11/turn               d - ring of willpower
MPRegen 0.00/turn               (no ring)

@: flying
A: sickness immunity, fire resistance 2, cold vulnerability 1, float, innate
caster, hp casting, extra vitality 1
a: no special abilities


You were on level 2 of the Dungeon.
You visited 1 branch of the dungeon, and saw 3 of its levels.

You collected 40 gold pieces.
You spent 18 gold pieces at shops.

Inventory:

Hand Weapons
 g - a +0 dagger (weapon)
Missiles
 l - 6 boomerangs (quivered)
Armour
 a - a +0 leather armour (worn)
 c - a +0 cloak (worn)
 j - a +0 ring mail of cold resistance
Jewellery
 d - a ring of willpower (left hand)
Scrolls
 b - a scroll of blinking
 e - 3 scrolls of identify {unknown}
 f - a scroll of torment {unknown}
 h - a scroll of silence {unknown}
 i - a scroll of acquirement {unknown}
 m - 2 scrolls of teleportation {unknown}
 o - a scroll of brand weapon {unknown}
Potions
 k - a potion of flight {unknown}
 n - a potion of berserk rage {unknown}


   Skills:
 + Level 3.0 Fighting
 + Level 1.3 Short Blades
 - Level 0.7 Throwing
 - Level 1.0 Armour
 - Level 2.1 Dodging
 - Level 2.3 Unarmed Combat
 * Level 3.0 Spellcasting


You couldn't memorise any spells.
You knew the following spells:

 Your Spells              Type           Power      Damage    Failure   Level
a - Blink                 Tloc           24%        N/A       11%         2
b - Lesser Beckoning      Tloc           12%        N/A       22%         3
c - Gell's Gravitas       Tloc           12%        N/A       22%         3
d - Teleport Other        Tloc           12%        N/A       22%         3
e - Manifold Assault      Tloc           12%        N/A       89%         5
f - Summon Small Mammal   Summ           48%        N/A       7%          1
Your spell library was empty.

Dungeon Overview and Level Annotations

Branches:
Dungeon (3/15)

Altars:

Shops:
D:2 =*!*

Annotations:
D:2 Sigmund


Innate Abilities, Weirdness & Mutations

You are immune to sickness and miasma.
You are immune to poison.
Your flesh is very heat resistant. (rF++)
You are vulnerable to cold. (rC-)
You float through the air rather than walking.
You learn spells naturally, not from books.
Your magical power is your life essence.
You have superior vitality. (+4 HP)


Message History

The orc hits you but does no damage.
You hit the orc but do no damage.
The orc is almost dead.
Your rat bites the orc but does no damage.
Your rat barely misses the orc.
The orc hits you but does no damage.
You hit the orc but do no damage.
The orc is almost dead.
Your rat bites the orc but does no damage.
Your rat barely misses the orc.
The worm closely misses you. The orc hits your rat with a +0 flail.
Your rat dies!
Your rat's corpse disappears in a puff of smoke!
The orc shouts!
You hit the worm.
The worm is lightly wounded.
Your rat closely misses the orc.
The worm barely misses you.
You hit the orc but do no damage.
The orc is almost dead.
The orc hits you with a +0 flail.
Your rat bites the orc but does no damage.
The worm bites something.
You see here 3 javelins.
There are monsters nearby!
The orc hits you with a +0 flail.
There is a stone staircase leading up here.
The orc hits you with a +0 flail.
* * * LOW HITPOINT WARNING * * *
You fly upwards.
Level annotation: Sigmund
There is a stone staircase leading down here.
The orc hits you with a +0 flail.
* * * LOW HITPOINT WARNING * * *
You hit the orc but do no damage.
The orc is severely wounded.
The orc barely misses you.
You hit the orc but do no damage.
The orc is severely wounded.
The orc closely misses you.
Sigmund hits you from afar with a +0 scythe!
You die...

...#### ..∩...#
##....########
##..##.....#.#
....##.#####.# ###
.....#.# #.# #.#
.#####.#####.#####
#.#
.................#
#.#
)#####.#####.###@#
#.#
.....#.#####)###o###
#.#
####+####........@>#
#.# # #......##..#
#.# # #####..###.#
#.# #
####....#.####.## #
##...∩...........# #
#.....##.#.##.#.## #
#.##..##.#.##.#.#


You could see Sigmund and an orc.

Vanquished Creatures
  2 adders
  3 dart slugs
  A worm (D:2)
  4 orcs
  4 ball pythons
  4 endoplasms
  6 goblins
  2 hobgoblins
  3 jackals (D:2)
  5 kobolds
  3 bats (D:1)
  3 frilled lizards (D:1)
  3 rats
43 creatures vanquished.

Vanquished Creatures (collateral kills)
  2 goblins
  A hobgoblin (D:2)
  2 kobolds (D:2)
  A quokka (D:1)
  2 frilled lizards (D:2)
  A rat (D:2)
9 creatures vanquished.

Vanquished Creatures (others)
  2 fungi (D:2)
2 creatures vanquished.

Grand Total: 54 creatures vanquished

Notes
Turn   | Place    | Note
-------+----------+-------------------------------------------
     0 | D:1      | freelancePsychic the Djinni Warper began the quest for the
                  | Orb.
     0 | D:1      | Reached XP level 1. HP: 18/18 MP: 0/0
    50 | D:1      | Found a faded altar of an unknown god.
   412 | D:1      | Reached XP level 2. HP: 23/23 MP: 0/0
  1093 | D:1      | Reached XP level 3. HP: 18/29 MP: 0/0
  1093 | D:1      | Learned a level 1 spell: Summon Small Mammal
  1663 | D:2      | Found Ohoatain's Jewellery Shoppe.
  1918 | D:2      | Found Ocikh's Distillery.
  1938 | D:2      | Found Cazeleh's Assorted Antiques.
  1947 | D:2      | Bought a scroll labelled OMEILI LOSEA for 18 gold pieces
  2134 | D:2      | Reached skill level 1 in Short Blades
  2139 | D:2      | Reached XP level 4. HP: 15/34 MP: 0/0
  2321 | D:2      | Found Hosawunt's General Store.
  2346 | D:2      | Noticed Sigmund
  4264 | D:2      | Slain by Sigmund

Illustrated notes

Levels and vault maps discovered:
D:1:      noname_arrival_rooms_in_the_neighbourhood, layout_basic,
          ebering_ecumenical_altar_sacrificial
D:2:      layout_basic, serial_shops,
          nicolae_shop_temple_entry_statues_fountains, nicolae_square_shop,
          shop, nicolae_square_shop, minivault_19,
          nicolae_concentric_dashed_squares_mild, hex_medium,
          kennysheep_generic_room_11, uniq_sigmund, uniq_crazy_yiuf_cottage
D:3:      layout_rooms

Skill      XL: |  1  2  3  4 |
---------------+-------------+-----
Short Blades   | 1 |  1.3
Fighting       | 3 |  3.0
Spellcasting   | 3 |  3.0
Throwing       | |  0.7
Armour         | |  1.0
Dodging        | |  2.1
Unarmed Combat | |  2.3

Action                   |  1- 3 |  4- 6 || total
-------------------------+-------+-------++-------
Melee: Unarmed           |    50 |       ||    50
       Dagger            |   105 |   166 ||   271
Throw: Boomerang         |     5 |     1 ||     6
 Cast: Summon Small Mamm |    13 |     4 ||    17
       Teleport Other    |       |     1 ||     1
  Use: Potion            |       |     1 ||     1
Armor: Leather armour    |    48 |     7 ||    55
       Skin              |       |    32 ||    32
       Ring mail         |       |    29 ||    29
Dodge: Dodged            |   112 |    79 ||   191

Table legend: (Time is in decaauts)
 A = Elapsed time spent in this place.
 B = Non-inter-level travel time spent in this place.
 C = Inter-level travel time spent in this place.
 D = Time resting spent in this place.
 E = Time spent auto-exploring this place.
 F = Levels seen in this place.
 G = Mean time per level.
                   A        B        C        D        E       F      G
               +--------+--------+--------+--------+--------+-----+--------+
         Total |   4258 |   4083 |    175 |    596 |   2679 |   3 | 1419.3 |
       Dungeon |   4258 |   4083 |    175 |    596 |   2679 |   3 | 1419.3 |
               +--------+--------+--------+--------+--------+-----+--------+

Top non-repeatable levels by time:
     D:2: 1892 daAuts
     D:1: 1563 daAuts
     D:3: 802 daAuts
